 Dungeon Crawl Stone Soup version bcrawl-1.40.3b (webtiles) character file.

Game seed: 11680635007081108284

293145 PlayerOfArmor the Fighter (level 9, -4/86 HPs)
             Began as a Hill Orc Fighter on Mar 20, 2024.
             Was a Priest of Zin.
             Slain by a two-headed ogre
             ... wielding a +0 giant spiked club
              (9 damage)
             ... on level 6 of the Dungeon.
             The game lasted 00:08:56 (6532 turns).

PlayerOfArmor the Fighter (Hill Orc Fighter)        Turns: 6532, Time: 00:08:57

Health: -4/86      AC: 17    Str: 22    XL:     9   Next: 86%
Magic:  0/9        EV:  2    Int:  8    God:    Zin [***...]
Gold:   331        SH:  9    Dex: 10    Spells: 8/8 levels left

rFire    . . .     GDR:     28% a - +0 war axe
rCold    . . .     SeeInvis .   c - +0 medium shield
rNeg     . . .     Gourm    .   x - +0 plate armour
rPois    .         Faith    .   w - +1 hat
rElec    .         Spirit   .   n - +0 cloak
rCorr    .         Reflect  .   s - +0 pair of gloves
MR       .....                  q - +0 pair of boots
Stlth    ..........             (no amulet)
HPRegen  0.24/turn              (no ring)
MPRegen  0.11/turn              (no ring)

@: no status effects
A: no striking features
a: Recite, Vitalisation, Manna, Donate Gold, Renounce Religion


You were on level 6 of the Dungeon.
You worshipped Zin.
Zin was most pleased with you.
You were hungry.

You visited 2 branches of the dungeon, and saw 8 of its levels.

You collected 458 gold pieces.
You spent 82 gold pieces at shops.
You donated 45 gold pieces to Zin.

Inventory:

Hand Weapons
 a - a +0 war axe (weapon)
Missiles
 v - a throwing net {=f}
Armour
 c - a +0 medium shield (worn)
 n - a +0 cloak (worn)
 q - a +0 pair of boots (worn)
 s - a +0 pair of gloves (worn)
 w - a +1 hat (worn)
 x - a +0 plate armour (worn)
 z - a +1 hat
Jewellery
 b - a cursed ring of attention {unknown}
 o - the ring of Insomnia {Int+2 Stlth--}
   (You took it off an orc on level 3 of the Dungeon)

   [ring of attention]

   It affects your intelligence (+2).
   It makes you much less stealthy.
Wands
 p - a wand of disintegration (7)
 y - a wand of clouds (5)
 C - a wand of iceblast (7)
Scrolls
 f - 4 scrolls of remove curse {unknown}
 g - 4 scrolls of teleportation {unknown}
 h - 2 scrolls of immolation {unknown}
 i - 6 scrolls of identify
 k - a scroll of fog {unknown}
 l - a scroll of enchant weapon {unknown}
 m - a scroll of amnesia {unknown}
 r - 2 scrolls of enchant armour {unknown}
Potions
 d - a potion of might
 j - 2 potions of brilliance {unknown}
 u - a potion of curing
 A - a potion of invisibility {unknown}
 B - a potion of resistance {unknown}
Comestibles
 e - 10 rations {!d}


   Skills:
 + Level 10.9 Fighting
   Level 10.9 Short Blades
   Level 10.9 Long Blades
   Level 10.9 Axes
   Level 10.9 Maces & Flails
   Level 10.9 Polearms
   Level 10.9 Staves
 - Level 6.0 Armour
 - Level 3.2 Shields
   Level 10.9 Unarmed Combat


You had 8 spell levels left.
You didn't know any spells.
Your spell library contained the following spells:

 Spells                   Type           Power        Failure   Level  Hunger
 Apportation              Tloc           #.....       100%        1    None
 Corona                   Hex            #......      100%        1    None
 Infusion                 Chrm           #.......     100%        1    None
 Sandblast                Erth           #.....       100%        1    None
 Slow                     Hex            #.......     100%        1    None
 Summon Butterflies       Summ           #.......     100%        1    None


Dungeon Overview and Level Annotations

Branches:
Dungeon (7/12)             Temple (1/1) D:4
   Lair: D:7-9

Altars:
Ashenzari
Dithmenos
Elyvilon
Gozag
Hepliaklqana
Makhleb
Okawaru
Qazlal
Trog
Uskayaw
Vehumet
Wu Jian
Yredelemnul
Zin

Shops:
D:5 !


Message History

* * * LOW HITPOINT WARNING * * *
The eye of draining draws life force from you and is healed!
The two-headed ogre hits you with a +0 giant spiked club!!
Zin protects you from harm!
The two-headed ogre hits you with a +0 giant club.
* * * LOW HITPOINT WARNING * * *
You hit the eye of draining.
The eye of draining is severely wounded.
You hit the two-headed ogre but do no damage.
The eye of draining is infused with unholy energy.
* * * LOW HITPOINT WARNING * * *
The eye of draining draws life force from you and is healed!
Okay, then.
You hit the eye of draining.
The eye of draining is severely wounded.
You hit the two-headed ogre. The eye of draining gazes at you.
You feel your power leaking away.
The two-headed ogre hits you with a +0 giant spiked club!
You die...

..........# ####.###.........##'
..##......####....###....##......
.###.#......##.#####.)..<.....###
## #.....###.#.# #..#...#.#....
#######.## ##..# #..#.#........
.......## ##.#####.##...#.#####
######.# #.....).....##.# #.##
##.#####.#.###..# ##.##
##..O@G...#.# #..#
##.###.#########.###..# #....##
#......# #.#### #####..# #.# #..#
#.# #..# #.# #..# #.# #(.# #.#
#..#


You could see a two-headed ogre and an eye of draining.

Vanquished Creatures
  An eye of draining (D:6)
  2 hippogriffs
  Edmund (D:6)
  A crocodile (D:6)
  A water moccasin (D:6)
  4 ice beasts
  2 sky beasts (D:5)
  3 ogres (D:6)
  A phantom (D:3)
  A bullfrog (D:5)
  A centaur (D:5)
  3 scorpions
  3 wights (D:6)
  A howler monkey (D:5)
  An orc priest (D:6)
  A bullfrog zombie (D:5)
  A hound (D:6)
  4 crimson imps
  A jelly (D:7)
  2 bullfrog skeletons
  An orc wizard (D:6)
  An iguana (D:4)
  4 worker ants
  2 howler monkey zombies
  3 gnolls (D:5)
  13 adders
  An ooze (D:3)
  2 worms (D:2)
  A dart slug (D:3)
  A leopard gecko (D:2)
  15 orcs
  5 giant cockroaches
  5 hobgoblins
  7 jackals (D:3)
  5 quokkas
  10 bats
  3 frilled lizards
  8 goblins
  8 kobolds
  6 rats
136 creatures vanquished.

Notes
Turn   | Place    | Note
-------+----------+-------------------------------------------
     0 | D:1      | PlayerOfArmor the Hill Orc Fighter began the quest for the
                  | Orb.
     0 | D:1      | Reached XP level 1. HP: 19/19 MP: 1/1
   110 | D:1      | Reached XP level 2. HP: 26/26 MP: 2/2
   897 | D:2      | Reached XP level 3. HP: 26/33 MP: 3/3
   950 | D:2      | Reached skill level 4 in Fighting
  1878 | D:3      | Reached XP level 4. HP: 34/41 MP: 4/4
  2043 | D:3      | Noticed a phantom
  2064 | D:3      | Identified the ring of Insomnia {Int+2 Stlth--}
  2218 | D:3      | Found a burning altar of Makhleb.
  2352 | D:3      | Reached skill level 5 in Fighting
  2352 | D:3      | Reached XP level 5. HP: 47/48 MP: 5/5
  2721 | D:3      | Killed a phantom
  2722 | D:3      | Reached XP level 6. HP: 34/57 MP: 6/6
  3024 | D:4      | Found a staircase to the Ecumenical Temple.
  3030 | Temple   | Entered the Ecumenical Temple
  3076 | Temple   | Became a worshipper of Zin the Law-Giver
  3076 | Temple   | Reached * piety under Zin
  3283 | D:4      | Reached skill level 6 in Fighting
  3345 | D:4      | Noticed an ice beast
  3354 | D:4      | Killed an ice beast
  3444 | D:4      | Reached ** piety under Zin
  3891 | D:4      | Found an opulent altar of Gozag.
  3897 | D:4      | Found a hide-covered altar of Uskayaw.
  3915 | D:4      | Found a shattered altar of Ashenzari.
  3958 | D:5      | Entered Level 5 of the Dungeon
  3972 | D:5      | Reached XP level 7. HP: 50/64 MP: 7/7
  4044 | D:5      | Found Kebuc's Distillery.
  4051 | D:5      | Bought a potion of heal wounds for 55 gold pieces
  4051 | D:5      | Bought a potion of curing for 27 gold pieces
  4161 | D:5      | Reached skill level 7 in Fighting
  4336 | D:5      | Noticed a hippogriff
  4355 | D:5      | Killed a hippogriff
  4356 | D:5      | Reached skill level 8 in Fighting
  4356 | D:5      | Reached XP level 8. HP: 21/74 MP: 8/8
  4500 | D:5      | Found a radiant altar of Vehumet.
  4834 | D:5      | Reached skill level 9 in Fighting
  5139 | D:6      | Reached *** piety under Zin
  5235 | D:6      | Reached skill level 5 in Armour
  5235 | D:6      | Reached XP level 9. HP: 51/84 MP: 9/9
  5306 | D:6      | Noticed an eye of draining
  5319 | D:6      | Killed an eye of draining
  5566 | D:6      | Noticed Edmund
  5590 | D:6      | Killed Edmund
  5591 | D:6      | Reached skill level 10 in Fighting
  6177 | D:6      | Found a shadowy altar of Dithmenos.
  6483 | D:7      | Noticed an eye of draining
  6485 | D:7      | Noticed a two-headed ogre
  6530 | D:6      | Zin protects you from harm!
  6531 | D:6      | HP: 4/86 [eye of draining/vampiric draining (7)]
  6532 | D:6      | Slain by a two-headed ogre

Skill      XL: |  1  2  3  4  5  6  7  8  9 |
---------------+----------------------------+-----
Fighting       | 4 5 6 8 9 10 | 10.9
Armour         | 5 6 |  6.0
Short Blades   | | 10.9
Long Blades    | | 10.9
Axes           | | 10.9
Maces & Flails | | 10.9
Polearms       | | 10.9
Staves         | | 10.9
Shields        | |  3.2
Unarmed Combat | | 10.9

Action                   |  1- 3 |  4- 6 |  7- 9 || total
-------------------------+-------+-------+-------++-------
Melee: War axe           |   124 |   208 |   290 ||   622
Invok: Recite            |       |     1 |     3 ||     4
  Use: Potion            |       |       |     1 ||     1
  Eat: Chunk             |     8 |    12 |    15 ||    35
       Ration            |       |       |     1 ||     1
Armor: Scale mail        |    75 |   111 |    72 ||   258
       Plate armour      |       |       |    98 ||    98
Dodge: Dodged            |    29 |    40 |    24 ||    93
Block: Medium shield     |    76 |   124 |   112 ||   312
